 Dungeon Crawl Stone Soup version 0.20.0-15-g7f486f2 (webtiles) character file.

119 rageheart7 the Poker (level 4, -2/40 HPs)
             Began as a Draconian Chaos Knight on June 10, 2017.
             Slain by Grinder (4 damage)
             ... on level 4 of the Dungeon.
             The game lasted 00:02:28 (2043 turns).

rageheart7 the Poker (Draconian Chaos Knight)       Turns: 2043, Time: 00:02:29

Health: -2/40      AC:  5    Str: 15 (16) XL:     4   Next: 73%
Magic:  4/4        EV: 12    Int:  9 (12) God:    Xom [..*...]
Gold:   146        SH:  0    Dex:  7 (10) Spells: 3/3 levels left

rFire    . . .     SeeInvis .   a - +0 spear (chaos)
rCold    . . .     Gourm    .   (no shield)
rNeg     . . .     Faith    .   (armour unavailable)
rPois    .         Spirit   .   (helmet restricted)
rElec    .         Reflect  .   (no cloak)
rCorr    .         Harm     .   (no gloves)
MR       .....     Rnd*Tele +   (no boots)
Stlth    +.........             p - amulet of regeneration
Regen    0.6/turn               q - ring of teleportation (curse)
MPRegen  0.1/turn               (no ring)

@: flying
A: unfitting armour, cold-blooded, AC +5
a: Renounce Religion


You were on level 4 of the Dungeon.
You worshipped Xom.
You were a toy of Xom.
You were near starving.

You visited 1 branch of the dungeon, and saw 4 of its levels.

You collected 146 gold pieces.

Inventory:

Hand Weapons
 a - a +0 spear of chaos (weapon)
Jewellery
 p - an amulet of regeneration (around neck)
 q - a cursed ring of teleportation (left hand)
Wands
 f - a wand of polymorph (9/24)
 l - a wand of disintegration (14/24)
Potions
 k - a potion of degeneration
 o - a potion of lignification {unknown}
Comestibles
 b - 2 bread rations
 h - 2 fruits
 i - a royal jelly
 m - 2 meat rations


   Skills:
 + Level 4.1 Fighting
 * Level 5.0 Polearms
 - Level 2.1 Dodging


You had 3 spell levels left.
You didn't know any spells.

Dungeon Overview and Level Annotations

Branches:
Dungeon (4/15)
 Temple: D:4-7

Altars:
Elyvilon
Fedhas
Qazlal
Sif Muna

Annotations:
D:4 Grinder


Innate Abilities, Weirdness & Mutations

Your plain brown scales are hard. (AC +5)
You cannot fit into any form of body armour.
You are cold-blooded and may be slowed by cold attacks.


Message History

You are confused.
You feel invigorated. Something hits you but does no damage.
You're too confused to move!
You feel yourself slow down.
You miss something.
Your tail-slap misses something.
Something hits you.
* * * LOW HITPOINT WARNING * * *
You writhe in agony.
* * * LOW HITPOINT WARNING * * *
You bump into the rock wall.
You feel less invigorated.
You feel less confused. Something hits you.
* * * LOW HITPOINT WARNING * * *
You writhe in agony.
* * * LOW HITPOINT WARNING * * *
You closely miss something. Something hits you but does no damage.
You barely miss something. Something hits you.
* * * LOW HITPOINT WARNING * * *
You writhe in agony.
You die... "Huh?
Did I miss anything?"

#. #....# #.# #...#
#..^####.####
#.###...# #........#
##......# #...###..#
##.#..## # #..##
#.#...# ###...#
#.##..# #.....## #.#
..#
#.#....######.#.#...
..........{@.......##
##..##...######.###.#
#......## .# #.####.#
.# # #.# .# #.. .# #l
##


There were no monsters in sight!

Vanquished Creatures
  Ijyb (D:3)
  3 adders (D:2)
  A worm (D:2)
  2 dart slugs
  6 goblins
  8 hobgoblins
  3 jackals (D:3)
  3 kobolds
  A quokka (D:2)
  A bat (D:3)
  2 frilled lizards
  3 rats
34 creatures vanquished.

Vanquished Creatures (others)
  An iguana (D:3)
  An adder (D:3)
2 creatures vanquished.

Grand Total: 36 creatures vanquished

Notes
Turn   | Place    | Note
-------+----------+-------------------------------------------
     0 | D:1      | rageheart7 the Draconian Chaos Knight began the quest for the Orb.
     0 | D:1      | Reached XP level 1. HP: 19/19 MP: 1/1
   551 | D:1      | Reached XP level 2. HP: 19/26 MP: 2/2
   730 | D:2      | Reached XP level 3. HP: 24/33 MP: 3/3
   733 | D:2      | Reached skill level 4 in Polearms
  1038 | D:2      | XOM: silly message
  1146 | D:3      | Found a blossoming altar of Fedhas.
  1153 | D:3      | Found a white marble altar of Elyvilon.
  1160 | D:3      | Found a deep blue altar of Sif Muna.
  1242 | D:3      | Noticed Ijyb
  1248 | D:3      | Killed Ijyb
  1248 | D:3      | Reached XP level 4. HP: 39/40 MP: 4/4
  1527 | D:3      | Found a stormy altar of Qazlal.
  1600 | D:3      | Reached skill level 5 in Polearms
  1763 | D:3      | XOM: harmless Chrm miscast
  1979 | D:4      | XOM: harmless Chrm miscast
  1992 | D:4      | Noticed Grinder
  1997 | D:4      | XOM: potion effect (haste)
  2007 | D:4      | Paralysed by something for 6 turns
  2037 | D:4      | HP: 2/40 [something (10)]
  2043 | D:4      | HP: 2/40 [something (3)]
  2043 | D:4      | Slain by Grinder

Skill      XL: |  1  2  3  4 |
---------------+-------------+-----
Polearms       | 4 5 |  5.0
Fighting       | 4 |  4.1
Dodging        | |  2.1

Action                   |  1- 3 |  4- 6 || total
-------------------------+-------+-------++-------
Melee: Spear             |   102 |    67 ||   169
       Tailslap          |     5 |     3 ||     8
  Use: Scroll            |       |     4 ||     4
       Potion            |       |     3 ||     3
 Stab: Sleeping          |     2 |       ||     2
       Confused          |     1 |       ||     1
  Eat: Chunk             |     1 |     1 ||     2
Armor: Skin              |    15 |    13 ||    28
Dodge: Dodged            |    50 |    28 ||    78
